 Dungeon Crawl Stone Soup version 0.31-a0-986-g5e6e4ef867 (webtiles) character file.

Game seed: 862533557030451193

270 Naiya55 the Chopper (level 6, -3/51 HPs)
             Began as a Formicid Fighter on Nov 4, 2023.
             Was an Initiate of Okawaru.
             Succumbed to a water moccasin's poison
             ... on level 4 of the Dungeon.
             The game lasted 00:04:54 (2359 turns).

Naiya55 the Chopper (Formicid Fighter)              Turns: 2359, Time: 00:04:54

Health: -3/51      AC: 11    Str: 22    XL:     6   Next: 46%
Magic:  6/6        EV:  8    Int:  8    God:    Okawaru [......]
Gold:   252        SH:  4    Dex: 11    Spells: 5/5 levels left

rFire   . . .        a - +0 war axe
rCold   . . .        c - +0 buckler
rNeg    . . .        n - +0 chain mail
rPois   .            (helmet unavailable)
rElec   .            r - +0 cloak
rCorr   .            (no gloves)
SInv    +            q - +0 pair of boots
Will    +....        f - amulet of the acrobat Stlth
                     (no ring)
HPRegen 0.28/turn    (no ring)
MPRegen 0.10/turn

%: acrobat
@: lethally poisoned (-3 -> -21), attractive
A: permanent stasis, dig shafts and tunnels, antennae 3, four strong arms,
clumsy 1, strong-willed 1, evolution 1
a: Dig, Shaft Self, Renounce Religion


You were on level 4 of the Dungeon.
You worshipped Okawaru.
Okawaru was noncommittal.
You visited 2 branches of the dungeon, and saw 5 of its levels.

You collected 252 gold pieces.

Inventory:

Hand Weapons
 a - a +0 war axe (weapon)
 b - a +0 flail
Armour
 c - a +0 buckler (worn)
 n - a +0 chain mail (worn)
 q - a +0 pair of boots (worn)
 r - a +0 cloak (worn)
Jewellery
 f - an amulet of the acrobat (around neck)
Scrolls
 e - 4 scrolls of identify {unknown}
 g - a scroll of enchant armour {unknown}
 i - a scroll of teleportation {unknown}
 m - a scroll of noise {unknown}
 p - a scroll of enchant weapon {unknown}
 s - 2 scrolls of immolation {unknown}
Potions
 d - a potion of might
 k - a potion of haste {unknown}
 l - a potion of enlightenment {unknown}
 o - 2 potions of curing {unknown}


   Skills:
 + Level 5.0 Fighting
 * Level 5.3 Axes
 - Level 3.2 Armour
 - Level 4.0 Shields


You had 5 spell levels left.
You didn't know any spells.
Your spell library contained the following spells:

 Spells                   Type           Power      Damage    Failure   Level
 Shock                    Conj/Air       0%         1d3       98%         1
 Ensorcelled Hibernation  Hex/Ice        0%         N/A       99%         2
 Jinxbite                 Hex            0%         N/A       99%         2
 Airstrike                Air            0%         2d(0-16)  100%        4
 Anguish                  Hex/Necr       0%         N/A       100%        4
 Swiftness                Air            Unusable   N/A       N/A         3

Dungeon Overview and Level Annotations

Branches:
Dungeon (4/15)             Temple (1/1) D:4

Altars:
Dithmenos
Fedhas
Gozag
Hepliaklqana
Makhleb
Nemelex Xobeh
Okawaru
Qazlal
Ru
Sif Muna
Uskayaw
Wu Jian
Xom
Zin
The Shining One

Shops:
D:4 [?


Innate Abilities, Weirdness & Mutations

You cannot be hasted, slowed, berserked, paralysed or teleported.
You can dig through walls and to a lower floor.
You have a pair of large antennae on your head. (SInv)
Your four strong arms can wield two-handed weapons with a shield.
You are clumsy. (Dex -2)
You are strong-willed. (Will+)
You have hidden genetic potential.


Message History

You feel sick.
The water moccasin bites you but does no damage. x2
You hit the water moccasin.
The water moccasin is severely wounded.
You feel sick. The water moccasin misses you.
You block the water moccasin's attack.
You closely miss the water moccasin.
The water moccasin is severely wounded.
You feel sick.
The water moccasin bites you but does no damage.
You barely miss the water moccasin.
The water moccasin is severely wounded.
You feel sick. The water moccasin barely misses you.
You block the water moccasin's attack.
You barely miss the water moccasin.
The water moccasin is severely wounded.
You feel sick.
The water moccasin bites you but does no damage.
The water moccasin bites you.
* * * LOW HITPOINT WARNING * * *
You are lethally poisoned!
The water moccasin poisons you!
You closely miss the water moccasin.
The water moccasin is severely wounded.
* * * LOW HITPOINT WARNING * * *
You feel very sick. The water moccasin barely misses you.
It was a potion of mutation.
You feel extremely strange.
You feel a hidden potential growing inside you.
You feel clumsy.
You feel strong-willed.
* * * LOW HITPOINT WARNING * * *
You feel very sick. The water moccasin bites you.
* * * LOW HITPOINT WARNING * * *
You are more poisoned.
The water moccasin poisons you!
The water moccasin bites you but does no damage.
It was a potion of attraction.
You feel attractive to monsters.
You die...

#.....># #.#...## ###.
##.#..## .... ##....##
#.. ##.###.##
####..#########.## ##.#
........[.......# #.#
.......#.##.###.#####.#
#........S@....##[##
#.....##.##.......#
#.....##.##.......#
.........##.##.#...#.#
#####....##.##.......#
#....##.##.......# {
.........#.#...#)#
##...######.......#
#...# { #.......#


You could see a water moccasin.

Vanquished Creatures
  A scorpion (D:4)
  A crimson imp (D:4)
  4 gnolls (D:3)
  6 adders
  A worm (D:3)
  2 dart slugs
  5 orcs (D:3)
  6 ball pythons
  5 endoplasms
  4 giant cockroaches
  6 goblins
  3 hobgoblins
  4 jackals (D:2)
  A quokka (D:2)
  6 bats
  3 frilled lizards
  4 goblin zombies (D:4)
  4 hobgoblin zombies (D:4)
  7 kobolds
  2 kobold skeletons (D:4)
  An orc skeleton (D:4)
  2 rats
78 creatures vanquished.

Notes
Turn   | Place    | Note
-------+----------+-------------------------------------------
     0 | D:1      | Naiya55 the Formicid Fighter began the quest for the Orb.
     0 | D:1      | Reached XP level 1. HP: 18/18 MP: 1/1
    41 | D:1      | Reached XP level 2. HP: 23/24 MP: 2/2
   496 | D:1      | Reached XP level 3. HP: 30/30 MP: 3/3
   982 | D:2      | Reached XP level 4. HP: 37/37 MP: 4/4
  1117 | D:2      | Found a hazy altar of Hepliaklqana.
  1189 | D:3      | Noticed a +0 hand axe
  1189 | D:3      | Noticed a +0 dagger
  1207 | D:3      | Found a hide-covered altar of Uskayaw.
  1491 | D:3      | Reached XP level 5. HP: 42/42 MP: 5/5
  2086 | D:4      | Reached XP level 6. HP: 50/50 MP: 6/6
  2092 | D:4      | Found Voet Nor's Magic Scroll Boutique.
  2094 | D:4      | Found Xuaguri's Antique Armour Boutique.
  2102 | D:4      | Reached skill level 5 in Axes
  2133 | D:4      | Found a glowing golden altar of the Shining One.
  2144 | D:4      | Reached skill level 5 in Fighting
  2217 | D:4      | Found a staircase to the Ecumenical Temple.
  2251 | Temple   | Entered the Ecumenical Temple
  2295 | Temple   | Became a worshipper of Warmaster Okawaru
  2336 | D:4      | Noticed a water moccasin
  2358 | D:4      | Gained mutation: You have hidden genetic potential. [potion
                  | of mutation]
  2358 | D:4      | Gained mutation: You are clumsy. (Dex -2) [potion of
                  | mutation]
  2358 | D:4      | Gained mutation: You are strong-willed. (Will+) [potion of
                  | mutation]
  2358 | D:4      | HP: 1/51 [water moccasin (3)]
  2359 | D:4      | Succumbed to a water moccasin's poison

Illustrated notes

Levels and vault maps discovered:
D:1:      matt_arrival_diagonals, layout_basic, minmay_misc_feat_chi,
          minmay_heptomino_o4
D:2:      layout_rooms, basic_altar
D:3:      layout_basic, dancing_weapons_uskayaw
D:4:      layout_loops_ring, cheibrodos_worm_habitat,
          mainiacjoe_overflow_catwalk, nicolae_tso_besieged_by_evil,
          temple_hall, serial_shops, shop, shop, nicolae_shop_trees,
          serial_rivers, chequers_serial_rivers_small_a,
          chequers_serial_rivers_large_a, chequers_serial_rivers_micro_d,
          chequers_serial_rivers_micro_c, chequers_serial_rivers_micro_a,
          chequers_serial_rivers_micro_e
Temple:   nicolae_temple_figure_eight

Skill      XL: |  1  2  3  4  5  6 |
---------------+-------------------+-----
Axes           | 3 4 5 |  5.3
Fighting       | 4 5 |  5.0
Armour         | |  3.2
Shields        | |  4.0

Action                     |  1- 3 |  4- 6 || total
---------------------------+-------+-------++-------
  Melee: War axe           |    86 |   122 ||   208
    Use: Potion            |       |     2 ||     2
 Armour: Scale mail        |    63 |     1 ||    64
         Chain mail        |       |    83 ||    83
  Dodge: Dodged            |    37 |    56 ||    93
  Block: Buckler           |    23 |    31 ||    54

Table legend: (Time is in decaauts)
 A = Elapsed time spent in this place.
 B = Non-inter-level travel time spent in this place.
 C = Inter-level travel time spent in this place.
 D = Time resting spent in this place.
 E = Time spent auto-exploring this place.
 F = Levels seen in this place.
 G = Mean time per level.
                   A        B        C        D        E       F      G
               +--------+--------+--------+--------+--------+-----+--------+
         Total |   2431 |   2331 |    100 |      0 |   1674 |   5 |  486.2 |
       Dungeon |   2365 |   2285 |     80 |      0 |   1674 |   4 |  591.2 |
        Temple |     65 |     45 |     20 |      0 |      0 |   1 |   65.0 |
               +--------+--------+--------+--------+--------+-----+--------+

Top non-repeatable levels by time:
     D:3: 899 daAuts
     D:1: 790 daAuts
     D:2: 443 daAuts
     D:4: 231 daAuts
  Temple: 65 daAuts
